AoeStats
← VLC | DafeKhan

Nomad

507607490Analyzed
4v4 RM · 14d ago on Sep 19, 2026· 40m 16s· 8 players
Game mode
Random Map
Map size
231×231
Population
200
Speed
Normal
Resources
Standard
Victory
Conquest
Starting age
Dark Age
Ending age
Imperial Age
RankedLock teamsTeams togetherTeam positionsShared explorationLock speedFull tech treeHidden civsTurbo modeCheats
Victory
Defeat
🇨🇴 Tatars · Colombia
1581
+14
🇨🇴 Saracens · Colombia
1530
+16
🇨🇴 Celts · Colombia
1525
+17
🇨🇴 Koreans · Colombia
1517
+17
🇺🇸 Slavs · United States
1587
-18
🇨🇦 Khitans · Canada
1532
-16
🇨🇳 Aztecs · China
1523
-15
1519
-15
Thundernips, The Ultimate Gigolo
4:59 Loom
13:30 Feudal Age
15:05 Arson
15:32 Man-at-Arms
16:55 Forging
16:58 Double-Bit Axe
23:13 Castle Age
25:00 Bow Saw
28:59 Imperial Age
26:53 Gold Mining
30:45 Chemistry
30:24 Wheelbarrow
32:43 Block Printing
32:38 Fervor
32:49 Sanctity
32:54 Illumination
34:46 Fervor
34:57 Sanctity
34:52 Block Printing
35:03 Illumination
35:13 Theocracy
35:03 Illumination
34:50 Caravan
35:20 Block Printing
35:27 Sanctity
35:33 Illumination
35:43 Theocracy
35:33 Illumination
35:45 Theocracy
35:46 Pikeman
YOGRANNYCANTSCRAP
6:02 Loom
14:46 Feudal Age
18:03 Fletching
21:26 Castle Age
28:58 Imperial Age
27:57 Double-Bit Axe
29:14 Bodkin Arrow
33:22 Block Printing
Persian Assassin
5:40 Loom
13:33 Feudal Age
17:37 Castle Age
15:58 Double-Bit Axe
16:56 Forging
17:23 Scale Barding Armor
19:26 Iron Casting
23:42 Husbandry
祈求好运
4:42 Loom
12:28 Feudal Age
16:48 Forging
17:14 Double-Bit Axe
20:58 Castle Age
19:07 Horse Collar
19:53 Gold Mining
21:55 Medium Warships
22:21 Iron Casting
23:45 Bow Saw
28:58 Wheelbarrow
30:23 Clinker Construction
VLC | _Sr Mike_
4:24 Loom
15:50 Feudal Age
20:17 Castle Age
18:48 Fishing Lines
18:54 Double-Bit Axe
19:16 Stone Mining
23:39 Gillnets
24:08 Bow Saw
25:17 Horse Collar
28:40 Wheelbarrow
27:51 Town Watch
32:14 Imperial Age
30:25 Scale Mail Armor
31:55 Chain Mail Armor
31:44 Squires
31:57 Gold Mining
32:35 Forging
32:50 Masonry
33:15 Elite Fire Lancer
34:34 Hand Cart
34:55 Plate Mail Armor
36:24 Chemistry
36:42 Stone Shaft Mining
36:54 Siege Engineers
40:00 Iron Casting
40:30 Arson
VLC | BacTi
4:20 Loom
14:32 Feudal Age
19:25 Castle Age
19:14 Fletching
24:29 Horse Collar
25:37 Double-Bit Axe
32:14 Wheelbarrow
35:49 Imperial Age
33:52 Bow Saw
37:36 Chemistry
37:41 Conscription
37:21 Elite Mameluke
39:04 Two-Man Saw
38:05 Heavy Plow
37:56 Gold Mining
37:58 Stone Mining
VLC | DafeKhan
11:26 Loom
13:33 Feudal Age
17:39 Castle Age
15:46 Double-Bit Axe
18:54 Medium Warships
19:07 Bow Saw
25:12 Pikeman
26:28 Horse Collar
26:53 Scale Mail Armor
28:01 Town Watch
29:03 Chain Mail Armor
29:21 Forging
34:33 Wheelbarrow
33:59 Heavy Plow
33:50 Gold Mining
34:23 Fishing Lines
39:01 Imperial Age
36:32 Town Patrol
36:50 Hand Cart
36:37 Town Patrol
37:10 Masonry
37:22 Ballistics
36:52 Fletching
37:42 Iron Casting
38:35 Bodkin Arrow
39:24 Arson
40:20 Plate Mail Armor
40:29 Conscription
VLC | Tithen
5:09 Loom
13:56 Feudal Age
15:48 Double-Bit Axe
18:15 Castle Age
17:40 Fletching
17:48 Gold Mining
19:13 Bodkin Arrow
21:30 Bow Saw
22:21 Town Watch
23:19 Wheelbarrow
23:08 Padded Archer Armor
24:00 Husbandry
26:20 Bloodlines
28:32 Leather Archer Armor
35:21 Imperial Age
36:23 Bracer
37:27 Chemistry
37:27 Ring Archer Armor
36:29 Heavy Cavalry Archer
38:19 Horse Collar
38:11 Light Cavalry
38:59 Scale Barding Armor
39:41 Spies/Treason
Connection lost

Rejoining the realm…

Still unreachable

The connection could not be restored.

Session expired

The server has moved on; the page needs a fresh start.